 Dungeon Crawl Stone Soup version 0.23.2 (webtiles) character file.

Game seed: 17274753254151229394

33 cklessthan3 the Firebug (level 3, -4/26 HPs)
             Began as a Hill Orc Fire Elementalist on Apr 3, 2019.
             Slain by a worm (9 damage)
             ... on level 2 of the Dungeon.
             The game lasted 00:03:59 (717 turns).

cklessthan3 the Firebug (Hill Orc Fire Elementalist) Turns: 717, Time: 00:03:59

Health: -4/26      AC:  2    Str: 10    XL:     3   Next: 29%
Magic:  0/5        EV: 12    Int: 16    God:
Gold:   121        SH:  0    Dex: 11    Spells: 4/5 levels left

rFire    . . .     SeeInvis .   h - +0 dagger
rCold    . . .     Gourm    .   (no shield)
rNeg     . . .     Faith    .   o - +0 robe
rPois    .         Spirit   .   (no helmet)
rElec    .         Reflect  .   (no cloak)
rCorr    .         Harm     .   (no gloves)
MR       +....                  (no boots)
Stlth    ++........             (no amulet)
HPRegen  0.08/turn              e - ring of protection from magic
MPRegen  0.09/turn              (no ring)

@: lethally poisoned (-4 -> -8)
A: no striking features
a: no special abilities


You were on level 2 of the Dungeon.
You were not hungry.

You visited 1 branch of the dungeon, and saw 2 of its levels.

You collected 121 gold pieces.

Inventory:

Hand Weapons
 h - a +0 dagger (weapon)
Missiles
 l - 10 stones (quivered)
Armour
 a - a +0 robe
 o - a +0 robe (worn)
Jewellery
 e - a ring of protection from magic (left hand)
Scrolls
 f - a scroll of fear {unknown}
 g - 4 scrolls of teleportation {unknown}
 i - a scroll of magic mapping {unknown}
 m - a scroll of enchant armour {unknown}
Potions
 b - a potion of degeneration {unknown}
 d - a potion of might {unknown}
 j - a potion of curing {unknown}
 k - a potion of ambrosia {unknown}
 n - a potion of magic {unknown}
Comestibles
 c - 4 rations


   Skills:
 + Level 1.7 Dodging
 + Level 1.9 Stealth
 + Level 1.9 Spellcasting
 + Level 1.1 Conjurations
 + Level 4.0 Fire Magic


You had 4 spell levels left.
You knew the following spells:

 Your Spells              Type           Power        Failure   Level  Hunger
a - Flame Tongue          Conj/Fire      #....        7%          1    #......

Your spell library contained the following spells:

 Spells                   Type           Power        Failure   Level  Hunger
 Throw Flame              Conj/Fire      #.....       11%         2    ###....
 Conjure Flame            Conj/Fire      #.......     22%         3    ###....
 Inner Flame              Hex/Fire       #.......     26%         3    ###....
 Sticky Flame             Conj/Fire      #.......     56%         4    #####..
 Fireball                 Conj/Fire      #.........   89%         5    ######.


Dungeon Overview and Level Annotations

Branches:
Dungeon (2/15)

Altars:


Message History

Casting: Flame Tongue (safe; 7% risk of failure)
Confirm with . or Enter, or press ? or * to list all spells.
You don't have enough magic to cast that spell.
You feel sick. The bat hits you but does no damage.
You completely miss the worm. The bat closely misses you.
You barely miss the bat.
The bat is severely wounded.
You feel sick. The bat closely misses you. The goblin misses you.
The worm misses you.
You hit the worm but do no damage. The goblin hits you.
The bat barely misses you.
You hit the bat but do no damage.
The bat is severely wounded.
The bat hits you but does no damage. The goblin hits you. The worm bites you.
* * * LOW HITPOINT WARNING * * *
You hit the worm but do no damage. The goblin closely misses you.
The bat hits you.
* * * LOW HITPOINT WARNING * * *
The worm bites you!
You die...

##.###.#########.#
##.#............#
##.#############
#.#### #...>#
####.# #.#
.#########.#
......w@...#
......gb####
.....<..#
.....$..#
.........
#.......#
#.......#
#.!.....#


You could see a worm, a goblin and a bat.

Vanquished Creatures
  An adder (D:2)
  An ooze (D:1)
  A dart slug (D:1)
  A leopard gecko (D:1)
  A ball python (D:1)
  3 bats
  2 giant cockroaches (D:1)
  A hobgoblin (D:1)
  A quokka (D:2)
  A frilled lizard (D:2)
  A kobold (D:1)
  3 rats (D:1)
17 creatures vanquished.

Notes
Turn   | Place    | Note
-------+----------+-------------------------------------------
     0 | D:1      | cklessthan3 the Hill Orc Fire Elementalist began the quest
                  | for the Orb.
     0 | D:1      | Reached XP level 1. HP: 14/14 MP: 3/3
   239 | D:1      | Reached XP level 2. HP: 20/20 MP: 1/4
   691 | D:2      | Reached XP level 3. HP: 23/26 MP: 1/5
   710 | D:2      | Reached skill level 4 in Fire Magic
   717 | D:2      | Slain by a worm

Skill      XL: |  1  2  3 |
---------------+----------+-----
Fire Magic     | 4 |  4.0
Dodging        | |  1.7
Stealth        | |  1.9
Spellcasting   | |  1.9
Conjurations   | |  1.1

Action                   || total
-------------------------++-------
Melee: Dagger            ||    15
 Cast: Flame Tongue      ||    30
 Stab: Sleeping          ||     1
Armor: Robe              ||     4
Dodge: Dodged            ||    25
